TOP OF THE 1ST |
Pennsylvania State University Nittany Lions batting - Pitching for University of California Golden Bears : RHP Jeremy Trotter
|
Pitching: RHP Jeremy Trotter
|
|
Batting: RHB Julian Gregory
|
0-0: Ball 1-0: Foul Ball, location: 2F 1-1: Ball 2-1: Ball 3-1: Base on Balls
|
Batting: RHB Coen Dirks
|
0-0: Called Strike 0-1: Called Strike 0-2: Ball 1-2: Fielders Choice at 2nd, 3-6 (Groundball, 3, EV 86.9 MPH)
|
Batting: LHB Tyler Francis
|
0-0: Ball 1-0: Ball 2-0: Ball 3-0: Called Strike 3-1: Foul Ball, location: 2F 3-2: Fly out, F8 (Flyball, 8RD, EV 101.3 MPH)
|
Batting: RHB Ben Burkholder
|
0-0: Ball 1-0: Ball 2-0: Ground out 6-3 (Groundball, 56, EV 101.9 MPH)
|
Top of the 1st over - 0 runs, 0 hits, 0 errors, 1 left on base; Pennsylvania State University 0 - University of California 0 |
BOTTOM OF THE 1ST |
University of California Golden Bears batting - Pitching for Pennsylvania State University Nittany Lions : LHP Rob Hymowitz
|
Pitching: LHP Rob Hymowitz
|
|
Batting: SHB Javon Mitchell
|
0-0: Ball 1-0: Called Strike 1-1: Ball 2-1: Ball 3-1: Foul Ball, location: 2F 3-2: Foul Ball, location: 2F 3-2: Base on Balls
|
Batting: RHB Ryan Roberts
|
0-0: Ball 1-0: Called Strike 1-1: Fly out, F7 (Flyball, 78D, EV 78.1 MPH)
|
Batting: RHB Tony Harper
|
0-0: Ball 1-0: Called Strike 1-1: Ball 2-1: Called Strike 2-2: Fly out, F8 (Flyball, 8LD, EV 98.8 MPH)
|
Batting: RHB Tommy Hunter
|
0-0: Ball 1-0: Ball 2-0: Called Strike 2-1: Ball 3-1: Swinging Strike 3-2: Strikes out swinging
|
Bottom of the 1st over - 0 runs, 0 hits, 0 errors, 1 left on base; Pennsylvania State University 0 - University of California 0 |
TOP OF THE 2ND |
Pennsylvania State University Nittany Lions batting - Pitching for University of California Golden Bears : RHP Jeremy Trotter
|
Batting: RHB Brian Rogers
|
0-0: Ball 1-0: Ball 2-0: Foul Ball, location: 2F 2-1: Foul Ball, location: 2F 2-2: SOLO HOME RUN (Flyball, 7D, EV 97.5 MPH), Distance : 377 ft
|
Batting: RHB Tim Long
|
0-0: Swinging Strike 0-1: Ball 1-1: Called Strike 1-2: Ball 2-2: Strikes out looking
|
Batting: RHB Dave Fredericks
|
0-0: Fly out, F8 (Flyball, 89M, EV 89.4 MPH)
|
Batting: RHB Ethan Finke
|
0-0: Called Strike 0-1: Ground out 6-3 (Groundball, 56, EV 90.0 MPH)
|
Top of the 2nd over - 1 run, 1 hit, 0 errors, 0 left on base; Pennsylvania State University 1 - University of California 0 |
BOTTOM OF THE 2ND |
University of California Golden Bears batting - Pitching for Pennsylvania State University Nittany Lions : LHP Rob Hymowitz
|
Batting: RHB Gojko Golob
|
0-0: Called Strike 0-1: Called Strike 0-2: Foul Ball, location: 2F 0-2: Foul Ball, location: 2F 0-2: Ball 1-2: Foul Ball, location: 2F 1-2: Strikes out looking
|
Batting: LHB Dean Luttman
|
0-0: Fly out, F5 (Line Drive, 5, EV 67.5 MPH)
|
Batting: RHB Omar Amaya
|
0-0: Foul Ball, location: 2F 0-1: Ball 1-1: Foul Ball, location: 2F 1-2: Strikes out swinging
|
Bottom of the 2nd over - 0 runs, 0 hits, 0 errors, 0 left on base; Pennsylvania State University 1 - University of California 0 |
TOP OF THE 3RD |
Pennsylvania State University Nittany Lions batting - Pitching for University of California Golden Bears : RHP Jeremy Trotter
|
Pitching: RHP Luis Astudillo
|
|
Batting: RHB Luke Vaccarino
|
0-0: Fly out, F8 (Line Drive, 8LM, EV 93.1 MPH)
|
Batting: RHB Julian Gregory
|
0-0: Ball 1-0: Ball 2-0: Ball 3-0: Called Strike 3-1: Ground out U3 (Groundball, 3L, EV 83.1 MPH)
|
Batting: RHB Coen Dirks
|
0-0: Foul Ball, location: 2F 0-1: Fly out, F1 (Line Drive, P, EV 73.8 MPH)
|
Top of the 3rd over - 0 runs, 0 hits, 0 errors, 0 left on base; Pennsylvania State University 1 - University of California 0 |
BOTTOM OF THE 3RD |
University of California Golden Bears batting - Pitching for Pennsylvania State University Nittany Lions : LHP Rob Hymowitz
|
Batting: SHB J.T. Ready
|
0-0: Fly out, F9 (Flyball, 9LM, EV 76.3 MPH)
|
Batting: RHB Eric Tesler
|
0-0: DOUBLE (Line Drive, 3D, EV 108.8 MPH)
|
Batting: SHB Javon Mitchell
|
0-0: Ball 1-0: Called Strike 1-1: Foul Ball, location: 2F 1-2: 2-RUN HOME RUN (Line Drive, 78XD, EV 105.6 MPH), Distance : 408 ft
|
Batting: RHB Ryan Roberts
|
0-0: Foul Ball, location: 2F 0-1: Ball 1-1: Ball 2-1: Ball 3-1: Base on Balls
|
Batting: RHB Tony Harper
|
0-0: Ball 1-0: Fly out, F9 (Flyball, 9, EV 88.1 MPH)
|
Batting: RHB Tommy Hunter
|
0-0: Foul Ball, location: 2F 0-1: Swinging Strike 0-2: Ball 1-2: Ball 2-2: Foul Ball, location: 2F 2-2: Foul Ball, location: 2F 2-2: Strikes out looking
|
Bottom of the 3rd over - 2 runs, 2 hits, 0 errors, 1 left on base; Pennsylvania State University 1 - University of California 2 |
TOP OF THE 4TH |
Pennsylvania State University Nittany Lions batting - Pitching for University of California Golden Bears : RHP Luis Astudillo
|
Batting: LHB Tyler Francis
|
0-0: Foul Ball, location: 2F 0-1: Foul Ball, location: 2F 0-2: Ball 1-2: Ball 2-2: Ball 3-2: SINGLE (Line Drive, 7S, EV 95.0 MPH)
|
Batting: RHB Ben Burkholder
|
0-0: Called Strike Tyler Francis steals 2nd base 0-1: 2-RUN HOME RUN (Flyball, 78XD, EV 100.6 MPH), Distance : 410 ft
|
Batting: RHB Brian Rogers
|
0-0: Ball 1-0: Called Strike 1-1: Foul Ball, location: 2F 1-2: Ball 2-2: Fly out, F8 (Flyball, 8RM, EV 88.1 MPH)
|
Batting: RHB Tim Long
|
0-0: Ball 1-0: Foul Ball, location: 2F 1-1: Foul Ball, location: 2F 1-2: Strikes out looking
|
Batting: RHB Dave Fredericks
|
0-0: Called Strike 0-1: Swinging Strike 0-2: Foul Ball, location: 2F 0-2: Strikes out swinging
|
Top of the 4th over - 2 runs, 2 hits, 0 errors, 0 left on base; Pennsylvania State University 3 - University of California 2 |
BOTTOM OF THE 4TH |
University of California Golden Bears batting - Pitching for Pennsylvania State University Nittany Lions : LHP Rob Hymowitz
|
Batting: RHB Gojko Golob
|
0-0: Called Strike 0-1: Called Strike 0-2: Strikes out looking
|
Batting: LHB Dean Luttman
|
0-0: Ground out 4-3 (Groundball, 4, EV 89.4 MPH)
|
Batting: RHB Omar Amaya
|
0-0: Foul Ball, location: 2F 0-1: Ball 1-1: Ball 2-1: SINGLE (Flyball, 8LS, EV 95.0 MPH)
|
Batting: SHB J.T. Ready
|
0-0: Called Strike 0-1: Foul Ball, location: 2F 0-2: Ball 1-2: Ball 2-2: Fly out, F3 (Popup, 3SF, EV 76.3 MPH)
|
Bottom of the 4th over - 0 runs, 1 hit, 0 errors, 1 left on base; Pennsylvania State University 3 - University of California 2 |
TOP OF THE 5TH |
Pennsylvania State University Nittany Lions batting - Pitching for University of California Golden Bears : RHP Luis Astudillo
|
Pitching: RHP Manny Mendoza
|
|
Batting: RHB Ethan Finke
|
0-0: Called Strike 0-1: Ball 1-1: Swinging Strike 1-2: Foul Ball, location: 2F 1-2: Foul Ball, location: 2F 1-2: Foul Ball, location: 2F 1-2: Foul Ball, location: 2F 1-2: Strikes out looking
|
Batting: RHB Luke Vaccarino
|
0-0: Called Strike 0-1: Foul Ball, location: 2F 0-2: Foul Ball, location: 2F 0-2: Foul Ball, location: 2F 0-2: Fly out, F8 (Flyball, 89M, EV 91.9 MPH)
|
Batting: RHB Julian Gregory
|
0-0: Ground out 6-3 (Groundball, 6D, EV 81.3 MPH)
|
Top of the 5th over - 0 runs, 0 hits, 0 errors, 0 left on base; Pennsylvania State University 3 - University of California 2 |
BOTTOM OF THE 5TH |
University of California Golden Bears batting - Pitching for Pennsylvania State University Nittany Lions : LHP Rob Hymowitz
|
Batting: RHB Eric Tesler
|
0-0: Ball 1-0: Fly out, F4 (Popup, 4S, EV 80.6 MPH)
|
Batting: SHB Javon Mitchell
|
0-0: Ball 1-0: Ball 2-0: Ball 3-0: Called Strike 3-1: Foul Ball, location: 2F 3-2: Ground out 4-3 (Groundball, 4, EV 108.1 MPH)
|
Batting: RHB Ryan Roberts
|
0-0: Ball 1-0: Ball 2-0: Called Strike 2-1: Ball 3-1: Called Strike 3-2: Base on Balls
|
Batting: RHB Tony Harper
|
0-0: Ball 1-0: Foul Ball, location: 2F 1-1: Ball 2-1: DOUBLE (Line Drive, 8RXD, EV 101.9 MPH) Ryan Roberts to third
|
Batting: RHB Tommy Hunter
|
0-0: Called Strike 0-1: Foul Ball, location: 2F 0-2: Ball 1-2: Strikes out looking
|
Bottom of the 5th over - 0 runs, 1 hit, 0 errors, 2 left on base; Pennsylvania State University 3 - University of California 2 |
TOP OF THE 6TH |
Pennsylvania State University Nittany Lions batting - Pitching for University of California Golden Bears : RHP Manny Mendoza
|
Batting: RHB Coen Dirks
|
0-0: Reached on error, E6 (Groundball, 6MS, EV 91.9 MPH)
|
Batting: LHB Tyler Francis
|
0-0: Fly out, F7 (Flyball, 7S, EV 88.1 MPH)
|
Batting: RHB Ben Burkholder
|
0-0: Ball 1-0: Called Strike 1-1: Ball 2-1: Ball 3-1: SINGLE (Groundball, 34S, EV 73.8 MPH) (infield hit) Coen Dirks to second
|
Batting: RHB Brian Rogers
|
0-0: Ball 1-0: Ball 2-0: Called Strike 2-1: Foul Ball, location: 2F 2-2: Ball 3-2: Hit by Pitch Coen Dirks to third Ben Burkholder to second
|
Pitching: LHP Jayden Carey
|
|
Batting: RHB Tim Long
|
0-0: Called Strike 0-1: Ball 1-1: Foul Ball, location: 2F 1-2: Strikes out looking
|
Batting: RHB Dave Fredericks
|
0-0: Ball 1-0: Ball 2-0: Foul Ball, location: 2F 2-1: Ball 3-1: Called Strike 3-2: Ground out 5-3 (Groundball, 56, EV 81.9 MPH)
|
Top of the 6th over - 0 runs, 1 hit, 1 error, 3 left on base; Pennsylvania State University 3 - University of California 2 |
BOTTOM OF THE 6TH |
University of California Golden Bears batting - Pitching for Pennsylvania State University Nittany Lions : LHP Rob Hymowitz
|
Batting: RHB Gojko Golob
|
0-0: Ground out 5-3 (Groundball, 56, EV 83.8 MPH)
|
Batting: LHB Dean Luttman
|
0-0: Fly out, F9 (Flyball, 9, EV 89.4 MPH)
|
Batting: RHB Omar Amaya
|
0-0: Called Strike 0-1: Ball 1-1: Ball 2-1: Foul Ball, location: 2F 2-2: Foul Ball, location: 2F 2-2: Strikes out swinging, 2-3 out at first.
|
Bottom of the 6th over - 0 runs, 0 hits, 0 errors, 0 left on base; Pennsylvania State University 3 - University of California 2 |
TOP OF THE 7TH |
Pennsylvania State University Nittany Lions batting - Pitching for University of California Golden Bears : LHP Jayden Carey
|
Batting: RHB Ethan Finke
|
0-0: Called Strike 0-1: Ball 1-1: Swinging Strike 1-2: Strikes out swinging
|
Batting: RHB Luke Vaccarino
|
0-0: SINGLE (Flyball, 9LS, EV 93.1 MPH)
|
Batting: RHB Julian Gregory
|
0-0: Swinging Strike 0-1: Fly out, F6 (Flyball, 6D, EV 91.9 MPH)
|
Batting: RHB Coen Dirks
|
0-0: Ball Wild Pitch! Luke Vaccarino to second 1-0: Ball 2-0: DOUBLE (Line Drive, 8LXD, EV 105.0 MPH) Luke Vaccarino scores
|
Pitching: RHP Nick Hodge
|
|
Batting: LHB Tyler Francis
|
0-0: Ball 1-0: Ball 2-0: Ball 3-0: Called Strike 3-1: Base on Balls
|
Batting: RHB Ben Burkholder
|
0-0: SINGLE (Groundball, 34D, EV 94.4 MPH) Coen Dirks to third Tyler Francis to second Runner from 3rd tries for Home, SAFE, throw by RF to home
|
Batting: RHB Brian Rogers
|
0-0: Ball 1-0: Ball 2-0: Ball 3-0: Base on Balls Tyler Francis to third Ben Burkholder to second
|
Batting: RHB Tim Long
|
0-0: Ball 1-0: Called Strike 1-1: Foul Ball, location: 2F 1-2: Strikes out looking
|
Top of the 7th over - 2 runs, 3 hits, 0 errors, 3 left on base; Pennsylvania State University 5 - University of California 2 |
BOTTOM OF THE 7TH |
University of California Golden Bears batting - Pitching for Pennsylvania State University Nittany Lions : LHP Rob Hymowitz
|
Pitching: RHP Charlie Gibbs
|
|
Batting: SHB J.T. Ready
|
0-0: Ball 1-0: Called Strike 1-1: Foul Ball, location: 2F 1-2: Fly out, F6 (Popup, 15S, EV 91.3 MPH)
|
Batting: RHB Eric Tesler
|
0-0: Fly out, F9 (Flyball, 9, EV 86.9 MPH)
|
Batting: SHB Javon Mitchell
|
0-0: Foul Ball, location: 2F 0-1: Ball 1-1: Fly out, F8 (Line Drive, 8RD, EV 85.6 MPH)
|
Bottom of the 7th over - 0 runs, 0 hits, 0 errors, 0 left on base; Pennsylvania State University 5 - University of California 2 |
TOP OF THE 8TH |
Pennsylvania State University Nittany Lions batting - Pitching for University of California Golden Bears : RHP Nick Hodge
|
Pitching: RHP Miguel Montelongo
|
|
Batting: RHB Dave Fredericks
|
0-0: Ball 1-0: SINGLE (Line Drive, 7LS, EV 108.1 MPH)
|
Batting: RHB Ethan Finke
|
0-0: Ball 1-0: Ball 2-0: Foul Ball, location: 2F 2-1: Swinging Strike 2-2: Fly out, F7 (Flyball, 78M, EV 90.6 MPH)
|
Batting: RHB Luke Vaccarino
|
0-0: Called Strike 0-1: SINGLE (Line Drive, 8LS, EV 95.0 MPH) Dave Fredericks to second
|
Batting: RHB Julian Gregory
|
0-0: Foul Ball, location: 2F 0-1: SINGLE (Flyball, 6MD, EV 87.5 MPH) Dave Fredericks to third Luke Vaccarino to second
|
Batting: RHB Coen Dirks
|
0-0: Foul Ball, location: 2F 0-1: Ball 1-1: Ball 2-1: Foul Ball, location: 2F 2-2: SINGLE (Flyball, 56D, EV 94.4 MPH) Dave Fredericks scores Luke Vaccarino to third Julian Gregory to second Runner from 3rd tries for Home, SAFE, throw by LF to home
|
Batting: LHB Tyler Francis
|
0-0: Called Strike 0-1: Called Strike 0-2: Ball 1-2: Fielders Choice at 2nd, 3-6 (Groundball, 3, EV 81.9 MPH) Julian Gregory to third
|
Pitching: RHP Yefim Pantofel
|
|
Batting: RHB Ben Burkholder
|
0-0: Ball 1-0: Ball 2-0: Foul Ball, location: 2F 2-1: Foul Ball, location: 2F 2-2: Strikes out swinging
|
Top of the 8th over - 2 runs, 4 hits, 0 errors, 2 left on base; Pennsylvania State University 7 - University of California 2 |
BOTTOM OF THE 8TH |
University of California Golden Bears batting - Pitching for Pennsylvania State University Nittany Lions : RHP Charlie Gibbs
|
Batting: RHB Ryan Roberts
|
0-0: Ball 1-0: Ball 2-0: Ball 3-0: Base on Balls
|
Batting: RHB Tony Harper
|
0-0: Ball 1-0: Foul Ball, location: 2F 1-1: Hit by Pitch Ryan Roberts to second
|
Batting: RHB Tommy Hunter
|
0-0: Fly out, F7 (Flyball, 7LS, EV 85.6 MPH)
|
Batting: RHB Gojko Golob
|
0-0: Ball 1-0: Ball 2-0: Swinging Strike 2-1: Swinging Strike 2-2: Ball 3-2: Foul Ball, location: 2F 3-2: Base on Balls Ryan Roberts to third Tony Harper to second
|
Batting: LHB Dean Luttman
|
0-0: Foul Ball, location: 2F 0-1: Ball 1-1: Ball 2-1: Ball 3-1: Grounds into double play, 1-2-3 (Groundball, 34S, EV 71.9 MPH)
|
Bottom of the 8th over - 0 runs, 0 hits, 0 errors, 2 left on base; Pennsylvania State University 7 - University of California 2 |
TOP OF THE 9TH |
Pennsylvania State University Nittany Lions batting - Pitching for University of California Golden Bears : RHP Yefim Pantofel
|
Batting: RHB Brian Rogers
|
0-0: Ball 1-0: Foul Ball, location: 2F 1-1: Ball 2-1: Swinging Strike 2-2: Foul Ball, location: 2F 2-2: Fly out, F8 (Line Drive, 8RD, EV 105.6 MPH)
|
Batting: RHB Tim Long
|
0-0: Ball 1-0: Foul Ball, location: 2F 1-1: Ball 2-1: Ball 3-1: Foul Ball, location: 2F 3-2: Foul Ball, location: 2F 3-2: Base on Balls
|
Pitching: LHP Cezar Serafim
|
|
Batting: RHB Dave Fredericks
|
0-0: Ball 1-0: Foul Ball, location: 2F 1-1: Fly out, F4 (Popup, 4S, EV 68.1 MPH)
|
Batting: RHB Ethan Finke
|
0-0: Foul Ball, location: 2F 0-1: Foul Ball, location: 2F 0-2: Ball 1-2: Fielders Choice at 2nd, 5-4 (Groundball, 56, EV 80.0 MPH)
|
Top of the 9th over - 0 runs, 0 hits, 0 errors, 1 left on base; Pennsylvania State University 7 - University of California 2 |
BOTTOM OF THE 9TH |
University of California Golden Bears batting - Pitching for Pennsylvania State University Nittany Lions : RHP Charlie Gibbs
|
Pitching: RHP Greg Hall
|
|
Batting: RHB Omar Amaya
|
0-0: Ball 1-0: Foul Ball, location: 2F 1-1: Ground out 6-3 (Groundball, 6, EV 90.6 MPH)
|
Pinch Hitting: RHB Devon Dill
|
0-0: Ball 1-0: Fly out, F7 (Flyball, 7LS, EV 85.6 MPH)
|
Pinch Hitting: RHB Timoleon Tsikouna
|
0-0: Ball 1-0: Ball 2-0: Called Strike 2-1: Ball 3-1: Base on Balls
|
Batting: SHB Javon Mitchell
|
0-0: Ball 1-0: Foul Ball, location: 2F 1-1: Called Strike 1-2: Ground out U3 (Groundball, 3, EV 86.3 MPH)
|
Bottom of the 9th over - 0 runs, 0 hits, 0 errors, 1 left on base; Pennsylvania State University 7 - University of California 2 |
|